 Dungeon Crawl Stone Soup version 0.28-a0-1404-g4df0f3684d (webtiles) character file.

Game seed: 16680157776622821641

161 vineage the Skirmisher (level 5, 0/37 HPs)
             Began as a Gargoyle Fighter on Jan 5, 2022.
             Was an Initiate of Okawaru.
             Slain by a phantom (8 damage)
             ... on level 4 of the Dungeon.
             The game lasted 00:02:59 (3313 turns).

vineage the Skirmisher (Gargoyle Fighter)           Turns: 3313, Time: 00:03:00

Health: 0/37       AC: 10    Str: 20    XL:     5   Next: 42%
Magic:  14/14      EV:  9    Int:  8    God:    Okawaru [......]
Gold:   157        SH:  4    Dex: 11    Spells: 4/4 levels left

rFire   . . .      SeeInvis .   a - +0 flail
rCold   . . .      Faith    .   c - +0 buckler
rNeg    + . .      Spirit   .   b - +0 scale mail
rPois   ∞          Reflect  .   (no helmet)
rElec   +          Harm     .   (no cloak)
rCorr   .          Rampage  .   (no gloves)
Will    .....                   (no boots)
Stlth   ..........              (no amulet)
HPRegen 0.12/turn               h - ring of magical power
MPRegen 0.14/turn               (no ring)

@: mighty
A: sickness immunity, AC +4, negative energy resistance 1, electricity
resistance, torment resistance 1, petrification resistance
a: Renounce Religion


You were on level 4 of the Dungeon.
You worshipped Okawaru.
Okawaru was noncommittal.
You visited 1 branch of the dungeon, and saw 4 of its levels.

You collected 157 gold pieces.

Inventory:

Hand Weapons
 a - a +0 flail (weapon)
Armour
 b - a +0 scale mail (worn)
 c - a +0 buckler (worn)
Jewellery
 h - a ring of magical power (left hand)
 m - an amulet of the acrobat
Scrolls
 j - 4 scrolls of teleportation
 k - a scroll of fear {unknown}
Potions
 e - a potion of brilliance
 f - a potion of ambrosia {unknown}
 g - 2 potions of heal wounds
 i - a potion of attraction {unknown}
 l - 2 potions of curing {unknown}
 n - a potion of magic {unknown}
 o - a potion of flight {unknown}


   Skills:
 + Level 6.5 Fighting
 - Level 2.0 Maces & Flails
 - Level 3.2 Armour
 - Level 3.2 Shields


You had 4 spell levels left.
You didn't know any spells.
Your spell library contained the following spells:

 Spells                   Type           Power      Damage    Failure   Level
 Apportation              Tloc           0%         N/A       85%         1
 Pain                     Necr           0%         1d4       85%         1
 Sandblast                Erth           0%         2d4       85%         1
 Sting                    Tmut/Pois      0%         1d3       85%         1
 Passwall                 Tmut/Erth      0%         N/A       94%         2
 Stone Arrow              Conj/Erth      0%         3d7       99%         3
 Vampiric Draining        Necr           0%         2d6       99%         3
 Animate Skeleton         Necr           Unusable   N/A       N/A         1

Dungeon Overview and Level Annotations

Branches:
Dungeon (4/15)
 Temple: D:4-7

Altars:
Ashenzari
Okawaru


Innate Abilities, Weirdness & Mutations

You are immune to sickness and miasma.
Your stone body is resilient. (AC +4)
You are immune to poison.
You resist negative energy. (rN+)
You are resistant to electric shocks. (rElec)
You are resistant to unholy torment.
You are immune to petrification.


Message History

You block the phantom's attack.
You miss the phantom.
The phantom is lightly damaged.
The phantom misses you. The phantom barely misses you.
You hit the phantom but do no damage.
The phantom is lightly damaged.
The phantom hits you.
You hit the phantom but do no damage.
The phantom is lightly damaged.
The phantom hits you but does no damage.
You closely miss the phantom.
The phantom is lightly damaged.
You block the phantom's attack. The phantom hits you.
You miss the phantom.
The phantom is lightly damaged.
The phantom hits you but does no damage.
You hit the phantom.
The phantom is moderately damaged.
You block the phantom's attack.
You feel very mighty all of a sudden. The phantom hits you.
You sock the phantom!
The phantom is heavily damaged.
The phantom hits you.
The phantom hits you but does no damage.
You closely miss the phantom.
The phantom is heavily damaged.
You block the phantom's attack.
You barely miss the phantom.
The phantom is heavily damaged.
The phantom misses you.
You barely miss the phantom.
The phantom is heavily damaged.
The phantom hits you.
* * * LOW HITPOINT WARNING * * *
The phantom blinks!
You blink.
The phantom barely misses you.
You closely miss the phantom.
The phantom is heavily damaged.
The phantom hits you!
You die...

#..............# #..##.#
#.#
#.)..........#.####.##.#
#.#
#............#.#.....).#
#.#
#.)..........#.#......##
#.#
#............#.#.###..#
#............#.#......#
#......W###+##.#.#....#
#.......# #§#.####.#
#.......# #.@W# ...#
.......## ##### #..#
...<... ....... .......
.......


You could see a phantom.

Vanquished Creatures
  An orc priest (D:4)
  4 adders
  An ufetubus (D:4)
  A dart slug (D:2)
  9 orcs
  5 endoplasms
  3 giant cockroaches (D:2)
  5 goblins
  7 hobgoblins
  8 jackals
  4 quokkas
  A ball python (D:2)
  8 bats
  4 frilled lizards
  9 kobolds
  6 rats (D:2)
76 creatures vanquished.

Notes
Turn   | Place    | Note
-------+----------+-------------------------------------------
     0 | D:1      | vineage the Gargoyle Fighter began the quest for the Orb.
     0 | D:1      | Reached XP level 1. HP: 14/14 MP: 1/1
   317 | D:1      | Reached XP level 2. HP: 20/20 MP: 2/2
   350 | D:1      | Reached skill level 4 in Fighting
   358 | D:1      | Got A Beginning Course on Sorcery
   943 | D:2      | Reached XP level 3. HP: 19/24 MP: 3/3
  1352 | D:2      | Reached skill level 5 in Fighting
  1508 | D:2      | Reached XP level 4. HP: 31/31 MP: 4/4
  1679 | D:2      | Found a faded altar of an unknown god.
  1974 | D:3      | Found an iron altar of Okawaru.
  1979 | D:3      | Became a worshipper of Warmaster Okawaru
  2687 | D:3      | Found a broken altar of Ashenzari.
  3000 | D:3      | Reached skill level 6 in Fighting
  3123 | D:4      | Reached XP level 5. HP: 33/36 MP: 5/5
  3282 | D:4      | Noticed a phantom
  3313 | D:4      | Slain by a phantom

Illustrated notes

Levels and vault maps discovered:
D:1:      psy_arrival_dodecagon, layout_rooms
D:2:      layout_loops_ring, hellmonk_ecumenical_altar_inner_sanctum,
          minmay_misc_feat_enclosed
D:3:      layout_loops_corners, mainiacjoe_overflow_paths,
          okawaru_ov_weapons_minmay, minmay_misc_feat_rows,
          minmay_misc_feat_tiny, minmay_curled_crystal
D:4:      layout_basic, kennysheep_generic_room_14, uniq_natasha

Skill      XL: |  1  2  3  4 |
---------------+-------------+-----
Fighting       | 4 5 6 |  6.5
Maces & Flails | |  2.0
Armour         | |  3.2
Shields        | |  3.2

Action                   |  1- 3 |  4- 6 || total
-------------------------+-------+-------++-------
Melee: Flail             |   119 |   116 ||   235
  Use: Scroll            |     4 |       ||     4
       Potion            |       |     2 ||     2
Armor: Scale mail        |    81 |    49 ||   130
Dodge: Dodged            |    78 |    47 ||   125
Block: Buckler           |    28 |    41 ||    69

Table legend: (Time is in decaauts)
 A = Elapsed time spent in this place.
 B = Non-inter-level travel time spent in this place.
 C = Inter-level travel time spent in this place.
 D = Time resting spent in this place.
 E = Time spent auto-exploring this place.
 F = Levels seen in this place.
 G = Mean time per level.
                   A        B        C        D        E       F      G
               +--------+--------+--------+--------+--------+-----+--------+
         Total |   3390 |   3237 |    153 |    194 |   2473 |   4 |  847.5 |
       Dungeon |   3390 |   3237 |    153 |    194 |   2473 |   4 |  847.5 |
               +--------+--------+--------+--------+--------+-----+--------+

Top non-repeatable levels by time:
     D:3: 1164 daAuts
     D:2: 1123 daAuts
     D:1: 878 daAuts
     D:4: 224 daAuts
